 Dungeon Crawl Stone Soup version 0.19.4 (webtiles) character file.

250 Kiturien the Chopper (level 6, -1/53 HPs)
             Began as a Hill Orc Fighter on Feb 1, 2017.
             Slain by an adder (2 damage)
             ... while paralysed
             ... on level 4 of the Dungeon.
             The game lasted 00:07:56 (2826 turns).

Kiturien the Chopper (Hill Orc Fighter)             Turns: 2826, Time: 00:07:57

Health: -1/53      AC: 11    Str: 21    XL:     6   Next: 13%
Magic:  6/6        EV:  2    Int:  8    God:
Gold:   175        SH:  0    Dex: 10    Spells: 0 memorised, 5 levels left

rFire  + . .     SeeInvis .     a - +0 war axe
rCold  x . .     Gourm    .     n - +2 chain mail {rPois}
rNeg   . . .     Faith    .     c - +0 shield
rPois  +         Spirit   .     (no helmet)
rElec  .         Reflect  .     (no cloak)
rCorr  .         Harm     .     (no gloves)
MR     .....                    (no boots)
Stlth  ..........               (no amulet)
                                (no ring)
                                i - ring of fire

@: paralysed, lethally poisoned (-1 -> -2), fainting
A: no striking features
a: no special abilities


You were on level 4 of the Dungeon.
You were fainting.

You visited 1 branch of the dungeon, and saw 4 of its levels.
You also visited: Sewer.

You collected 175 gold pieces.

Inventory:

Hand Weapons
 a - a +0 war axe (weapon)
Armour
 c - a +0 shield (worn)
 n - a +2 chain mail of poison resistance (worn)
Jewellery
 i - a ring of fire (left hand)
Wands
 e - a wand of iceblast (11/15)
 j - a wand of lightning (14/15)
Scrolls
 g - a scroll of identify
Potions
 b - a potion of curing
 d - a potion of might
 f - a potion of heal wounds {unknown}
 h - 3 potions of flight
 m - a potion of magic


   Skills:
 + Level 4.4 Fighting
 + Level 5.1 Axes
 + Level 4.3 Armour
 + Level 1.0 Dodging
 + Level 4.7 Shields


You had 5 spell levels left.
You didn't know any spells.

Dungeon Overview and Level Annotations

Branches:
Dungeon (4/15)
 Temple: D:4-7

Altars:

Annotations:
D:3 Natasha


Message History

* * * LOW HITPOINT WARNING * * *
You feel sick. You block the adder's attack.
The adder bites you but does no damage.
You hit the adder but do no damage.
The adder is lightly wounded.
You block the adder's attack. The adder bites you but does no damage.
You slash the adder!
The adder is almost dead.
You lose consciousness!
* * * LOW HITPOINT WARNING * * *
You feel sick.
The adder bites you but does no damage. x2
The adder bites you but does no damage.
* * * LOW HITPOINT WARNING * * *
You feel sick. The adder bites you but does no damage.
The adder bites you but does no damage. x3
* * * LOW HITPOINT WARNING * * *
You feel sick. The adder bites you but does no damage.
The adder bites you but does no damage. x2
The adder bites you.
You die...

### ..#
#.#####.######.
#..............
#@# #.....S.#
.###.#### #


You could see an adder.

Vanquished Creatures
  A big kobold (Sewer)
  Natasha (D:3)
  Robin (D:3)
  5 adders
  A river rat (D:3)
  A worm (D:2)
  A dart slug (D:1)
  A leopard gecko (D:2)
  3 giant cockroaches
  16 goblins
  11 hobgoblins
  4 jackals
  A quokka (D:2)
  A ball python (D:3)
  8 bats
  2 frilled lizards (D:1)
  10 kobolds
  14 rats
82 creatures vanquished.

Notes
Turn   | Place    | Note
-------+----------+-------------------------------------------
     0 | D:1      | Kiturien the Hill Orc Fighter began the quest for the Orb.
     0 | D:1      | Reached XP level 1. HP: 19/19 MP: 1/1
    92 | D:1      | Reached XP level 2. HP: 26/27 MP: 2/2
   165 | D:1      | Reached skill level 3 in Axes
   669 | D:2      | Reached XP level 3. HP: 33/33 MP: 3/3
  1328 | D:2      | Reached XP level 4. HP: 32/40 MP: 4/4
  2169 | D:3      | Noticed Robin
  2194 | D:3      | Killed Robin
  2194 | D:3      | Reached skill level 4 in Axes
  2194 | D:3      | Reached XP level 5. HP: 36/46 MP: 5/5
  2269 | D:3      | Noticed Natasha
  2285 | D:3      | Killed Natasha
  2339 | D:3      | Noticed Natasha
  2371 | D:3      | Found a glowing drain.
  2384 | Sewer    | Entered a sewer
  2625 | Sewer    | Noticed a big kobold
  2653 | Sewer    | Killed a big kobold
  2653 | Sewer    | Reached skill level 5 in Axes
  2653 | Sewer    | Reached skill level 1 in Dodging
  2653 | Sewer    | Reached XP level 6. HP: 52/53 MP: 6/6
  2723 | Sewer    | Found a white marble altar of Elyvilon.
  2801 | D:4      | Paralysed by fainting for 6 turns
  2807 | D:4      | Paralysed by fainting for 5 turns
  2819 | D:4      | Paralysed by fainting for 8 turns
  2819 | D:4      | HP: 2/53 [poisoned by an adder]
  2824 | D:4      | HP: 1/53 [poisoned by an adder]
  2826 | D:4      | Slain by an adder

Skill      XL: |  1  2  3  4  5 |
---------------+----------------+-----
Axes           | 3 4 5 |  5.1
Fighting       | 4 |  4.4
Shields        | 4 |  4.7
Armour         | 4 |  4.3
Dodging        | 1 |  1.0

Action                   |  1- 3 |  4- 6 || total
-------------------------+-------+-------++-------
Melee: War axe           |   118 |   225 ||   343
Evoke: Wand              |       |     1 ||     1
  Use: Scroll            |     1 |     6 ||     7
       Potion            |       |     2 ||     2
  Eat: Bread ration      |     1 |       ||     1
Armor: Scale mail        |    68 |       ||    68
       Chain mail        |       |   167 ||   167
Dodge: Dodged            |    33 |    89 ||   122
Block: Shield            |    46 |   157 ||   203
